 Dungeon Crawl Stone Soup version 0.18-b1-2-gd0c887e (webtiles) character file.

72 RudyRod the Firebug (level 4, -4/30 HPs)
             Began as a Demonspawn Fire Elementalist on Apr 28, 2016.
             Killed by divine providence
             ... invoked by an orc priest
              (13 damage)
             ... on level 3 of the Dungeon.
             The game lasted 00:18:13 (3185 turns).

RudyRod the Firebug (Demonspawn Fire Elementalist)  Turns: 3185, Time: 00:18:14

Health: -4/30      AC:  6    Str:  8    XL:     4   Next: 7%
Magic:  1/8        EV: 12    Int: 18    God:
Gold:   89         SH:  0    Dex: 12    Spells: 2 memorised, 5 levels left

rFire  . . .     SeeInvis .     p - +1 short sword
rCold  . . .     Gourm    .     a - +0 robe
rNeg   . . .     Faith    .     (no shield)
rPois  .         Spirit   .     (no helmet)
rElec  .         Dismiss  .     (no cloak)
rCorr  .         Reflect  .     (no gloves)
SustAt .         Harm     .     (no boots)
MR     .....                    (no amulet)
Stlth  ++........               (no ring)
                                (no ring)

@: very slightly contaminated, not resistant to hostile enchantments, unstealthy
A: rough black scales 1, foul stench 1, rot immunity
a: no special abilities


You were on level 3 of the Dungeon.
You were not hungry.

You visited 1 branch of the dungeon, and saw 3 of its levels.

You collected 89 gold pieces.

Inventory:

Hand Weapons
 m - a +0 club
 p - a +1 short sword (weapon)
Armour
 a - a +0 robe (worn)
 h - a +0 chain mail
Scrolls
 d - a scroll of remove curse
 e - a scroll of magic mapping
 j - a scroll of random uselessness
 k - a scroll of identify
Potions
 g - a potion of lignification {unknown}
 n - 3 potions of curing
 o - a potion of mutation
Books
 b - a book of Flames

   Spells                             Type                      Level
   a - Flame Tongue                   Conjuration/Fire             1
   b - Throw Flame                    Conjuration/Fire             2
   c - Conjure Flame                  Conjuration/Fire             3
   d - Inner Flame                    Hexes/Fire                   3
   e - Sticky Flame                   Conjuration/Fire             4
   f - Fireball                       Conjuration/Fire             5
Comestibles
 c - 2 meat rations


   Skills:
 + Level 2.4 Dodging
 + Level 1.8 Stealth
 + Level 0.1 Unarmed Combat
 + Level 2.7 Spellcasting
 + Level 1.3 Conjurations
 + Level 3.4 Fire Magic


You had 5 spell levels left.
You knew the following spells:

 Your Spells              Type           Power        Failure   Level  Hunger
a - Flame Tongue          Conj/Fire      ##...        8%          1    None
b - Throw Flame           Conj/Fire      ##....       12%         2    ##.....


Dungeon Overview and Level Annotations

Branches:
Dungeon (3/15)

Altars:
Ashenzari
Cheibriados
Nemelex Xobeh
Okawaru
Ru
Trog


Innate Abilities, Weirdness & Mutations

You are partially covered in rough black scales (AC +4, Dex -1).
You may emit foul miasma when damaged in melee.
You are immune to rotting.


Message History

Casting: Flame Tongue
Confirm with . or Enter, or press ? or * to list all spells.
Aiming: Flame Tongue
Press: ? - help, Shift-Dir - straight line, f/p - bat
Aim: a bat The flame tongue misses the orc priest.
The flame tongue hits the bat.
You kill the bat!
The orc priest invokes the aid of Beogh against you.
Beogh smites you!
Casting: Flame Tongue
Confirm with . or Enter, or press ? or * to list all spells.
Aiming: Flame Tongue
Press: ? - help, Shift-Dir - straight line, f - orc priest
Aim: an orc priest, wielding a dagger You miscast Flame Tongue.
Nothing appears to happen.
The orc priest hits you with a dagger.
* * * LOW HITPOINT WARNING * * *
The orc priest calls down the wrath of Beogh upon you.
Beogh smites you!
You die...

****.#*** *#.##*******
*##**##*###*#...#*,,,,,***
*..,,,.,#.##.....****,,,,,
*.#***#.#.#.....!,***,,***
#######.#####.#....._..,,,,,,,,,
#........#>.†.o.#,,,,,,,***,,*,,
#.#####..#.##.#.#*,,,,,****,,*,*
#.#####....##.#@###,,,**,,,,,,,,
#.............#>..##,*#****,,,,,
######.########.##.#,.# ***,,,
#.# #.#.#.#.# *,,,
####.########..#*#..* *,,,
#...).......#.#.#.#.# *,,,
##.##........#.##.##.###****,,,
*#...#........#..........,,,,,,,
#.#.<.........###..###...,,,,,,,


You could see an orc priest.

Vanquished Creatures
  2 adders (D:2)
  3 worms (D:2)
  A dart slug (D:2)
  3 orcs (D:3)
  9 bats
  2 giant cockroaches
  5 goblins
  2 hobgoblins (D:1)
  A quokka (D:2)
  2 ball pythons (D:2)
  3 giant newts
  5 kobolds
  5 rats
43 creatures vanquished.

Notes
Turn   | Place    | Note
--------------------------------------------------------------
     0 | D:1      | RudyRod the Demonspawn Fire Elementalist began the quest for the Orb.
     0 | D:1      | Reached XP level 1. HP: 13/13 MP: 3/3
   274 | D:1      | Reached skill level 3 in Fire Magic
   281 | D:1      | Gained mutation: You are partially covered in rough black scales (AC +4, Dex -1). [demonic ancestry]
   281 | D:1      | Reached XP level 2. HP: 17/19 MP: 0/5
  1351 | D:2      | Gained mutation: You are immune to rotting. [demonic ancestry]
  1351 | D:2      | Reached XP level 3. HP: 9/24 MP: 0/6
  1662 | D:2      | HP: 1/24 [worm (12)]
  2178 | D:2      | Found a bloodstained altar of Trog.
  2184 | D:2      | Found a sacrificial altar of Ru.
  2798 | D:2      | Found an iron altar of Okawaru.
  2865 | D:2      | Found a sparkling altar of Nemelex Xobeh.
  2870 | D:2      | Found a snail-covered altar of Cheibriados.
  3079 | D:3      | Gained mutation: You may emit foul miasma when damaged in melee. [demonic ancestry]
  3079 | D:3      | Reached XP level 4. HP: 30/30 MP: 6/8
  3151 | D:3      | Learned a level 2 spell: Throw Flame
  3175 | D:3      | Found a shattered altar of Ashenzari.
  3185 | D:3      | Killed from afar by an orc priest

Skill      XL: |  1  2 |
---------------+-------+-----
Fire Magic     | 3 |  3.4
Dodging        | 2 |  2.4
Stealth        | |  1.8
Unarmed Combat | |  0.1
Spellcasting   | |  2.7
Conjurations   | |  1.3

Action                   |  1- 3 |  4- 6 || total
-------------------------+-------+-------++-------
Melee: Unarmed           |    15 |       ||    15
       Club              |    35 |       ||    35
       Short sword       |     3 |       ||     3
 Cast: Flame Tongue      |    77 |     6 ||    83
  Use: Potion            |     2 |       ||     2
       Scroll            |       |     8 ||     8
  Eat: Chunk             |     4 |       ||     4
       Bread ration      |     1 |       ||     1
Armor: Robe              |    55 |     4 ||    59
Dodge: Dodged            |    78 |     3 ||    81
